 Dungeon Crawl Stone Soup version 0.31-a0-229-g1fc7ce93e2 (webtiles) character file.

Game seed: 5232375559825475058

404 qw the Shooter (level 6, -4/55 HPs)
             Began as a Minotaur Hexslinger on July 6, 2023.
             Was an Initiate of Okawaru.
             Slain by a wyvern (8 damage)
             ... on level 5 of the Dungeon.
             The game lasted 00:01:05 (3568 turns).

qw the Shooter (Minotaur Hexslinger)                Turns: 3568, Time: 00:01:05

Health: -4/55      AC:  5    Str: 13    XL:     6   Next: 56%
Magic:  6/6        EV: 11    Int: 10    God:    Okawaru [......]
Gold:   226        SH:  0    Dex: 20    Spells: 6/7 levels left

rFire   . . .        Y - +3 sling
rCold   . . .        (no shield)
rNeg    . . .        g - +0 ring mail
rPois   .            (helmet restricted)
rElec   .            (no cloak)
rCorr   .            (no gloves)
SInv    .            (no boots)
Will    .....        (no amulet)
Stlth   +            d - +6 ring of dexterity
HPRegen 0.29/turn    (no ring)
MPRegen 0.10/turn

%: no passive effects
@: no status effects
A: horns 2, retaliatory headbutt
a: Renounce Religion


You were on level 5 of the Dungeon.
You worshipped Okawaru.
Okawaru was noncommittal.
You visited 2 branches of the dungeon, and saw 6 of its levels.

You collected 226 gold pieces.


Innate Abilities, Weirdness & Mutations

You have a pair of horns on your head.
You reflexively headbutt those who attack you in melee.


   Skills:
 - Level 4.8 Fighting
 + Level 6.3 Ranged Weapons
 - Level 1.0 Armour
 - Level 2.1 Dodging
 - Level 1.0 Spellcasting
 - Level 2.0 Hexes


You had 6 spell levels left.
You knew the following spells:

 Your Spells              Type           Power      Damage    Failure   Level
a - Slow                  Hex            16%        N/A       32%         1

Your spell library contained the following spells:

 Spells                   Type           Power      Damage    Failure   Level
 Inner Flame              Hex/Fire       2%         N/A       82%         3
 Portal Projectile        Hex/Tloc       4%         N/A       82%         3
 Cause Fear               Hex            2%         N/A       97%         4

Inventory:

Hand Weapons
 Y - a +3 sling (weapon)
Armour
 g - a +0 ring mail (worn)
Jewellery
 d - a +6 ring of dexterity (left hand)
Scrolls
 a - a scroll of identify
 c - a scroll of enchant armour {unknown}
Potions
 b - a potion of cancellation {unknown}
 e - a potion of haste {unknown}
 f - 3 potions of curing

Dungeon Overview and Level Annotations

Branches:
Dungeon (5/15)             Temple (1/1) D:4

Altars:
Ashenzari
Gozag
Makhleb
Nemelex Xobeh
Okawaru
Qazlal
Sif Muna
Vehumet
Wu Jian

Annotations:
D:4 3 runed translucent doors, qw's ghost, amateur MiHs
D:5 3 runed translucent doors, qw's ghost, novice DEHu


Message History

The wyvern hisses angrily.
The sling bullet hits the ufetubus.
The ufetubus is lightly wounded.
The ufetubus misses you.
The ufetubus hits you but does no damage.
You shoot a sling bullet.
The sling bullet hits the ufetubus but does no damage.
The ufetubus hits you. The ufetubus misses you.
The ufetubus closely misses you. You furiously retaliate!
You headbutt the ufetubus.
You kill the ufetubus!
Okawaru accepts your kill.
You shoot a sling bullet. The sling bullet hits the orc.
The orc is moderately wounded.
The orc completely misses you.
You shoot a sling bullet. The sling bullet hits the orc.
You kill the orc!
Okawaru accepts your kill. The wyvern bites you!
The orc hits you with a +0 club.
You shoot a sling bullet. The sling bullet hits the wyvern!
The wyvern is moderately wounded.
The wyvern bites you! The wyvern bites you.
The orc hits you but does no damage. x2
You shoot a sling bullet. The sling bullet hits the wyvern.
The wyvern is heavily wounded.
The wyvern closely misses you. The orc barely misses you.
The orc hits you with a +0 dagger. The wyvern bites you.
You shoot a sling bullet.
The sling bullet barely misses the wyvern.
The wyvern bites you! The orc hits you but does no damage. x2
The wyvern bites you!
You shoot a sling bullet. The sling bullet hits the wyvern.
The wyvern is heavily wounded.
The wyvern misses you. The orc barely misses you. The orc closely misses you.
The wyvern misses you. You furiously retaliate!
You headbutt the wyvern, but do no damage.
A phantom comes into view.
The orc barely misses you. The orc hits you with a +0 club.
You shoot a sling bullet. The sling bullet hits the wyvern.
The wyvern is severely wounded.
The wyvern bites you!
You die...

#........#
#.$......#
#........#
##........# .
..)......#
..####........##
#.....olo.......
......)@......#....#
..............#....#
........#######....#
# ###.###.####
#....# . .. #....##
#....# #. ..
####..###....# #. W
#..........####.
#...............
#....#########..


You could see a wyvern, a phantom and 2 orcs.

Vanquished Creatures
  A phantom (D:5)
  2 hounds
  A jelly (D:4)
  Natasha (twice) (D:2)
  3 gnolls (D:3)
  8 adders
  2 ufetubi
  2 worms (D:2)
  2 dart slugs (D:4)
  7 orcs
  2 bats
  7 endoplasms
  4 giant cockroaches
  4 goblins
  5 hobgoblins
  2 jackals (D:2)
  A quokka (D:1)
  6 ball pythons
  4 frilled lizards
  7 kobolds
  2 rats
74 creatures vanquished.

Notes
Turn   | Place    | Note
-------+----------+-------------------------------------------
     0 | D:1      | qw the Minotaur Hexslinger began the quest for the Orb.
     0 | D:1      | Reached XP level 1. HP: 16/16 MP: 1/1
     0 | D:1      | 0 ||| qw: Version: 0.3-a-46-gb1f654a
     0 | D:1      | 0 ||| qw: Game counter: 1579
     0 | D:1      | 0 ||| qw: Melee chars always use a shield: true
     0 | D:1      | 0 ||| qw: God list: Okawaru
     0 | D:1      | 0 ||| qw: Allow faded altars: false
     0 | D:1      | 0 ||| qw: Do Orc after clearing Dungeon:15 true
     0 | D:1      | 0 ||| qw: Do second Lair branch before Depths: true
     0 | D:1      | 0 ||| qw: Lair rune preference: random
     0 | D:1      | 0 ||| qw: Goals: Normal
     0 | D:1      | 0 ||| PLANNING D:1-11
    57 | D:1      | Reached skill level 3 in Ranged Weapons
    57 | D:1      | Reached XP level 2. HP: 23/23 MP: 2/2
   178 | D:1      | Found a faded altar of an unknown god.
   371 | D:1      | 371 ||| UPGRADING to +0 ring mail.
   381 | D:1      | 381 ||| DROPPING +0 robe.
   382 | D:1      | 382 ||| UPGRADING to +6 ring of dexterity.
   383 | D:1      | 383 ||| READING 2 scrolls labelled BEKHEO ATAB LAYDGH.
   384 | D:1      | 384 ||| DROPPING scroll of poison.
   508 | D:2      | Noticed Natasha
   516 | D:2      | HP: 4/24 [Natasha (4)]
   517 | D:2      | Killed Natasha
   518 | D:2      | Reached skill level 3 in Fighting
   518 | D:2      | Reached XP level 3. HP: 4/31 MP: 3/3
   764 | D:2      | Noticed Natasha
   772 | D:2      | Killed Natasha
   773 | D:2      | Reached XP level 4. HP: 22/38 MP: 4/4
  1020 | D:2      | Reached skill level 4 in Ranged Weapons
  1099 | D:2      | Reached skill level 1 in Armour
  1194 | D:2      | You fall into a shaft and drop 1 floor!
  1738 | D:3      | Reached XP level 5. HP: 45/45 MP: 5/5
  1845 | D:3      | Reached skill level 5 in Ranged Weapons
  2117 | D:3      | 2117 ||| READING scroll labelled LIR VOIFAIXTA.
  2118 | D:3      | 2118 ||| READING scroll labelled OGHUAM FUATOEG.
  2119 | D:3      | 2119 ||| READING scroll labelled DISHAVA WOCLUT.
  2120 | D:3      | 2120 ||| DRINKING 3 fizzy black potions.
  2121 | D:3      | 2121 ||| READING 2 scrolls of identify.
  2121 | D:3      | 2121 ||| IDENTIFYING pink potion
  2122 | D:3      | 2122 ||| DROPPING potion of attraction.
  2154 | D:4      | 2154 ||| STAIRDANCE
  2272 | D:4      | 2272 ||| STAIRDANCE
  2483 | D:4      | Found a runed translucent gate.
  2483 | D:4      | Found a runed translucent gate.
  2483 | D:4      | Noticed qw's ghost (amateur MiHs)
  2484 | D:4      | Found a runed translucent gate.
  2539 | D:4      | 2539 ||| READING scroll of enchant weapon.
  2539 | D:4      | 2539 ||| ENCHANTING +2 sling.
  2558 | D:4      | Reached skill level 6 in Ranged Weapons
  2825 | D:4      | Reached XP level 6. HP: 44/52 MP: 6/6
  2984 | D:4      | Found a staircase to the Ecumenical Temple.
  2985 | D:4      | 2985 ||| PLANNING TEMPLE
  2985 | D:4      | 2985 ||| READING scroll labelled GAUSOU CIYFF.
  2986 | D:4      | 2986 ||| READING 2 scrolls of identify.
  2986 | D:4      | 2986 ||| IDENTIFYING fizzy grey potion
  2987 | D:4      | 2987 ||| DROPPING potion of ambrosia.
  2993 | Temple   | Entered the Ecumenical Temple
  3011 | Temple   | 3011 ||| PLANNING OKAWARU WORSHIP
  3165 | Temple   | Became a worshipper of Warmaster Okawaru
  3166 | Temple   | 3166 ||| PLANNING D:1-11
  3455 | D:5      | Entered Level 5 of the Dungeon
  3466 | D:5      | Found a runed translucent gate.
  3466 | D:5      | Found a runed translucent gate.
  3468 | D:5      | Found a runed translucent gate.
  3475 | D:5      | Noticed qw's ghost (novice DEHu)
  3559 | D:5      | Noticed a wyvern
  3566 | D:5      | HP: 5/55 [wyvern (10)]
  3568 | D:5      | Slain by a wyvern

Levels and vault maps discovered:
D:1:      sevenhm_arrival_forest_fort_small_4, layout_rooms,
          shapermc_ecumenical_altar_gd
D:2:      layout_loops_corners, dreamdust_wishing_well, uniq_natasha
D:3:      layout_loops_cross
D:4:      layout_basic, minmay_temple_entry_enclosed_plants,
          gammafunk_ghost_nasty_kobolds
D:5:      layout_basic, lemuel_tele_altar, gammafunk_ghost_split,
          uniq_prince_ribbit1, uniq_crazy_yiuf_cottage
Temple:   chequers_temple_sunken

Skill      XL: |  1  2  3  4  5  6 |
---------------+-------------------+-----
Ranged Weapons | 3 4 6 |  6.3
Fighting       | 3 4 |  4.8
Armour         | 1 |  1.0
Dodging        | |  2.1
Spellcasting   | |  1.0
Hexes          | |  2.0

Action                     |  1- 3 |  4- 6 || total
---------------------------+-------+-------++-------
   Fire: Sling             |    56 |   178 ||   234
    Use: Scroll            |     1 |     7 ||     8
         Potion            |       |     1 ||     1
 Armour: Ring mail         |     5 |    28 ||    33
  Dodge: Dodged            |    22 |    60 ||    82

Table legend:
 A = Non-vault XP
 B = Vault XP
 C = Vault XP percentage of total XP
 D = Non-vault monster count
 E = Vault monster count
 F = Vault count percentage of total count
                 A         B        C        D         E       F
            +---------+---------+-------+---------+---------+-------
      Total |     542 |      36 |   6.2 |      73 |       1 |   1.4
            +---------+---------+-------+---------+---------+-------
        D:1 |      19 |       0 |   0.0 |      11 |       0 |   0.0
        D:2 |     113 |      36 |  24.2 |      24 |       1 |   4.0
        D:3 |     106 |       0 |   0.0 |      20 |       0 |   0.0
        D:4 |     132 |       0 |   0.0 |      12 |       0 |   0.0
        D:5 |     172 |       0 |   0.0 |       6 |       0 |   0.0
            +---------+---------+-------+---------+---------+-------
